 Dungeon Crawl Stone Soup version 0.30.0-19-g36f170ea60 (webtiles) character file.

Game seed: 10813538185554854654

88414 GimliDwarf the Zephyrmancer (level 15, -1/80 HPs)
             Began as a Tengu Air Elementalist on May 26, 2023.
             Was the Champion of Vehumet.
             Shot with an arrow by a naga sharpshooter (20 damage)
             ... on level 1 of the Snake Pit.
             The game lasted 03:12:37 (31548 turns).

GimliDwarf the Zephyrmancer (TeAE)                 Turns: 31548, Time: 03:12:37

Health: -1/80      AC:  9    Str:  9    XL:     15   Next: 93%
Magic:  16/31      EV: 21    Int: 21    God:    Vehumet [******]
Gold:   1385       SH:  0    Dex: 16    Spells: 3/37 levels left

rFire   + . .        s - staff of air "Qeuxoid" {rElec rPois rC+ Will+}
rCold   + + +        (no shield)
rNeg    . . .        H - +4 skin of Zhor {*Englaciate rC+++ SInv}
rPois   +            (helmet restricted)
rElec   +            D - +2 cloak
rCorr   .            (no gloves)
SInv    +            (boots unavailable)
Will    ++...        L - amulet "Isyse" {rPois Regen+}
Stlth   +++          n - ring of fire
HPRegen 1.13/turn    p - +5 ring of evasion
MPRegen 0.22/turn

%: no passive effects
@: flying quickly and evasively, quick
A: beak, talons 3, nimble flight
a: Renounce Religion


You were on level 1 of the Snake Pit.
You worshipped Vehumet.
Vehumet was exalted by your worship.
You visited 5 branches of the dungeon, and saw 23 of its levels.

You collected 3462 gold pieces.
You spent 2077 gold pieces at shops.

Inventory:

Hand Weapons
 d - a +3 rapier of flaming
Missiles
 j - 2 silver javelins
 r - 3 atropa-tipped darts
 u - 71 poisoned darts
 E - 10 curare-tipped darts
 G - 3 datura-tipped darts
Armour
 y - a +4 troll leather armour {Snorg}
 D - a +2 cloak (worn)
 H - the +4 skin of Zhor (worn) {*Englaciate rC+++ SInv}
   (You bought it in a shop on level 2 of the Orcish Mines)

   *Englaciate: It radiates cold, occasionally slowing all nearby creatures who
   are not resistant to cold.
   rC:        It renders you almost immune to cold.
   SInv:      It lets you see invisible.
 M - a +0 pair of gloves
Magical Staves
 a - a staff of conjuration
 s - the staff of air "Qeuxoid" (weapon) {rElec rPois rC+ Will+}
   (You acquired it on level 9 of the Dungeon)

   [staff of air]

   Base accuracy: +5 Base damage: 5 Base attack delay: 1.2 This weapon's minimum
   attack delay (0.6) is reached at skill level 12.
   rC:        It protects you from cold.
   rElec:     It insulates you from electricity.
   rPois:     It protects you from poison.
   Will:      It increases your willpower.
   It falls into the 'Staves' category.
   It is a one-handed weapon.
Jewellery
 m - the ring of Feithra {Ice *Slow rElec Str-4 Slay+5}
   (You bought it in a shop on level 11 of the Dungeon)

   [ring of ice]

   It enhances your ice magic.
   Str:       It affects your strength (-4).
   Slay:      It affects your accuracy & damage with ranged weapons and melee
   (+5).
   rF:        It makes you vulnerable to fire.
   rC:        It protects you from cold.
   rElec:     It insulates you from electricity.
   *Slow:     It may slow you when you take damage.
 n - a ring of fire (left hand)
 p - a +5 ring of evasion (right hand)
 x - a +6 ring of strength
 L - the amulet "Isyse" (around neck) {rPois Regen+}
   (You found it on level 4 of the Lair of Beasts)

   [amulet of regeneration]

   rPois:     It protects you from poison.
   Regen:     It increases your rate of health regeneration.
Wands
 k - a wand of flame (32)
 t - a wand of quicksilver (2)
 w - a wand of charming (4)
 B - a wand of polymorph (12)
 F - a wand of mindburst (9) (quivered)
Scrolls
 c - 7 scrolls of identify
 q - a scroll of silence
 z - 7 scrolls of teleportation
 A - a scroll of poison
 I - a scroll of blinking
 J - 2 scrolls of fear
 N - a scroll of brand weapon
Potions
 b - 2 potions of magic
 e - 4 potions of haste
 f - 2 potions of cancellation
 g - 9 potions of curing
 h - 3 potions of might
 l - a potion of resistance
 o - a potion of invisibility
 v - 2 potions of brilliance
 C - 4 potions of ambrosia
Miscellaneous
 K - a piece from Xom's chessboard (15/15)


   Skills:
 + Level 4.6 Fighting
 + Level 4.4 Short Blades
 * Level 7.7 Staves
 + Level 4.6 Throwing
 - Level 5.6 Armour
 - Level 4.2 Dodging
 - Level 5.0 Stealth
 + Level 11.9 Spellcasting
 + Level 9.4 Conjurations
 + Level 3.7 Hexes
 + Level 7.5 Summonings
 * Level 1.8 Translocations
 + Level 5.3 Transmutations
 * Level 8.0 Fire Magic
 - Level 1.8 Ice Magic
 + Level 13.9 Air Magic
 + Level 9.5 Poison Magic
 * Level 7.5 Evocations


You had 3 spell levels left.
You knew the following spells:

 Your Spells              Type           Power      Damage    Failure   Level
a - Shock                 Conj/Air       100%       1d9       1%          1
c - Airstrike             Air            41%        2d(6-22)  1%          4
d - Swiftness             Air            82%        N/A       1%          3
e - Olgreb's Toxic Radia  Pois           52%        N/A       1%          4
f - Poisonous Vapours     Pois/Air       100%       N/A       1%          2
g - Hailstorm             Conj/Ice       36%        3d9       1%          3
h - Ignite Poison         Fire/Tmut/Pois 61%        N/A       1%          3
i - Summon Lightning Spi  Summ/Air       72%        N/A       1%          4
j - Fulminant Prism       Conj/Hex       20%        3d12      1%          4
k - Flame Wave            Conj/Fire      65%        2d15      1%          4
l - Blink                 Tloc           40%        N/A       3%          2

Your spell library contained the following spells:

 Spells                   Type           Power      Damage    Failure   Level
 Conjure Ball Lightning   Conj/Air       37%        3x3d12    1%          6
 Sting                    Tmut/Pois      100%       1d8       1%          1
 Momentum Strike          Conj/Tloc      72%        3d10      1%          2
 Static Discharge         Conj/Air       100%       2-7/arc   1%          2
 Wereblood                Tmut           35%        N/A       1%          2
 Spider Form              Tmut/Pois      44%        N/A       1%          3
 Ensorcelled Hibernation  Hex/Ice        48%        N/A       2%          2
 Lesser Beckoning         Tloc           40%        N/A       3%          2
 Sublimation of Blood     Necr           12%        N/A       9%          2
 Irradiate                Conj/Tmut      21%        3d18      1%          5
 Animate Armour           Summ/Erth      56%        N/A       11%         4
 Eringya's Noxious Bog    Tmut/Pois      22%        N/A       11%         6
 Blade Hands              Tmut           17%        N/A       16%         5
 Petrify                  Tmut/Erth      23%        N/A       17%         4
 Summon Forest            Summ/Tloc      16%        N/A       22%         5
 Anguish                  Hex/Necr       10%        N/A       24%         4
 Iron Shot                Conj/Erth      16%        9d4       28%         6
 Animate Dead             Necr           12%        N/A       47%         4
 Borgnjor's Vile Clutch   Necr/Erth      6%         N/A       83%         5
 Summon Hydra             Summ           22%        N/A       89%         7
 Death Channel            Necr           6%         N/A       100%        6


Dungeon Overview and Level Annotations

Branches:
Dungeon (14/15)            Temple (1/1) D:7            Lair (5/5) D:9
  Swamp (0/4) Lair:3        Snake (1/4) Lair:2        Slime (0/5) Lair:4
    Orc (2/2) D:12            Elf (0/3) Orc:2        Vaults (0/5) D:14

Altars:
Ashenzari
Cheibriados
Dithmenos
Elyvilon
Fedhas
Gozag
Hepliaklqana
Kikubaaqudgha
Makhleb
Nemelex Xobeh
Okawaru
Qazlal
Ru
Sif Muna
Trog
Uskayaw
Vehumet
Wu Jian
Xom
Yredelemnul
Zin
The Shining One
Jiyva

Shops:
D:3 *   D:10 *   D:11 *   Orc:2 [::(

Annotations:
D:4 Blork the orc


Innate Abilities, Weirdness & Mutations

You have a beak for a mouth.
You have claws for feet.
Your magical nature lets you fly swiftly and evasively.


Message History

Aiming: Airstrike (safe; 1% risk of failure)
Press: ? - help, Dir - move target, f/p - naga warrior
Aim: a naga warrior, wielding a +0 dire flail (almost dead, ally target, empty space bonus: 6/8)
You feel a surge of power!
The air twists around and strikes the naga warrior.
The naga warrior is almost dead.
An anaconda comes into view.
The naga warrior spits poison at you.
The splash of poison hits you but does no damage.
You are poisoned.
You resist.
Your fulminant prism explodes!
The blast of energy engulfs the anaconda!
The anaconda is moderately wounded.
You hear a shout!
You hear an angry hiss.
You hear a shout! x4
You hear an angry hiss. x2; You hear a shout! x3
You feel sick. The black mamba closely misses you.
The naga warrior hits you with a +0 dire flail!!
* * * LOW HITPOINT WARNING * * *
The naga warrior grabs you.
You stop ascending the stairs.
The naga warrior constricts you.
* * * LOW HITPOINT WARNING * * *
Your lightning spire shoots out a bolt of lightning at the naga warrior!
The bolt of electricity hits the naga warrior!
The naga warrior dies!
Vehumet accepts your kill.
You feel better. The black mamba misses you.
The black mamba completely misses you. The anaconda grabs you.
You stop ascending the stairs.
The anaconda bites you. The anaconda constricts you.
The naga sharpshooter mumbles some strange words.
The naga sharpshooter magically shoots an arrow.
The arrow completely misses you. The black mamba bites you!
* * * LOW HITPOINT WARNING * * *
Okay, then.
You escape the anaconda's grasp.
The naga sharpshooter casts a spell.
The naga sharpshooter magically shoots an arrow.
The arrow hits you!!
You die...

.. #.#.......... #.
#.##.........# #.
..##........#
##.######.##.........##
#.....##.##...........#
##..N..##.#..###..###...
#....N...#..####...#
#...##N..#[####8...#
#..8 ####.#[.S@....#
#.SS #.##.)S###### #...
...#..†## .*.§...###...#
........ #...# ........
#[### ... N. ... .## .#


You could see a naga sharpshooter (ally target), an anaconda, a black mamba and
a friendly lightning spire (summoned).

Vanquished Creatures
  An azure jelly (Lair:5)
  An orc warlord (Orc:2)
  Azrael (Orc:2)
  Snorg (D:10)
  A ghost crab (Lair:3)
  6 catoblepae
  4 two-headed ogres
  6 hydras
  3 centaur warriors (D:13)
  A boulder beetle (D:11)
  9 death yaks
  2 orc high priests (Orc:2)
  Amaemon (Lair:3)
  A shock serpent (Snake:1)
  A fire crab (Lair:5)
  Nergalle (Lair:1)
  A spectral death yak (Lair:3)
  An obsidian statue (D:13)
  A spectral hydra (Lair:3)
  A lindwurm (Lair:4)
  A deep elf pyromancer (D:13)
  An orc knight (Orc:2)
  2 orc sorcerers (Orc:2)
  5 cyclopes
  3 manticores
  2 ugly things (D:13)
  A guardian serpent (Snake:1)
  5 black mambas
  11 elephants
  16 cane toads
  An orange demon (Lair:3)
  A naga mage (Snake:1)
  4 torpor snails
  A gargoyle (D:12)
  An unseen horror (D:11)
  2 efreet (D:13)
  2 kobold demonologists (D:13)
  2 rime drakes
  10 komodo dragons
  A tengu conjurer (D:13)
  2 spectral skysharks (Lair:3)
  8 trolls
  A hornet (D:11)
  8 polar bears
  4 saltlings (Orc:2)
  2 dream sheep (Lair:4)
  A hornet (shapeshifter) (D:13)
  14 blink frogs
  2 slime creatures (Lair:5)
  A spectral black mamba (Lair:3)
  20 flying skulls
  Sigmund (D:2)
  A vampire (D:12)
  2 steam dragons
  5 wraiths
  5 wyverns
  44 yaks
  3 fire elementals (Orc:2)
  3 basilisks
  6 vampire mosquitoes
  2 wargs (Orc:1)
  4 nagas
  2 acid dragons
  A two-headed ogre zombie (D:12)
  4 hell hounds (Orc:2)
  A spectral polar bear (Lair:3)
  18 water moccasins
  A sky beast (D:7)
  2 spectral blink frogs (Lair:3)
  20 orc warriors
  A black bear (Lair:1)
  3 ice beasts
  16 wolves
  8 ogres
  7 centaurs
  5 phantoms
  11 kobold brigands
  9 bullfrogs
  2 gnoll sergeants
  3 scorpions
  8 wights
  2 troll zombies (D:12)
  15 killer bees
  7 howler monkeys
  2 electric eels (D:8)
  2 quasits (D:13)
  A gnoll bouda (D:7)
  9 jellies
  20 orc priests
  4 hounds
  Jessica (D:2)
  2 iguanas
  22 orc wizards
  5 ogre zombies (D:12)
  Robin (D:2)
  21 gnolls
  8 adders
  2 shadow imps (D:13)
  5 white imps
  2 ufetubi
  A worm (D:4)
  A dart slug (D:2)
  65 orcs
  9 ball pythons
  7 bats
  14 endoplasms
  2 giant cockroaches
  15 goblins
  16 hobgoblins
  3 jackals (D:1)
  31 kobolds
  4 quokkas
  10 frilled lizards
  3 goblin skeletons (D:12)
  4 goblin zombies (D:12)
  2 hobgoblin zombies (D:12)
  4 orc skeletons (D:12)
  12 orc zombies (D:12)
  5 rats
  A butterfly (Lair:1)
717 creatures vanquished.

Vanquished Creatures (collateral kills)
  A naga warrior (Snake:1)
  A death yak (Lair:5)
  2 skeletal warriors (D:13)
  2 elephants (Lair:5)
  A naga mage (Snake:1)
  2 blink frogs (Lair:5)
  3 slime creatures (Lair:5)
  2 yaks (Lair:5)
  2 nagas (Snake:1)
  An orc priest (D:12)
  2 orcs (D:12)
19 creatures vanquished.

Vanquished Creatures (others)
  A hydra (D:13)
  An orc (Orc:2)
  27 fulminant prisms
29 creatures vanquished.

Grand Total: 765 creatures vanquished

Notes
Turn   | Place    | Note
-------+----------+-------------------------------------------
     0 | D:1      | GimliDwarf the Tengu Air Elementalist began the quest for
                  | the Orb.
     0 | D:1      | Reached XP level 1. HP: 10/10 MP: 4/4
   312 | D:1      | Reached XP level 2. HP: 15/15 MP: 0/6
   405 | D:1      | Learned a level 2 spell: Static Discharge
   503 | D:1      | You fall into a shaft and drop 1 floor!
   731 | D:2      | Noticed Sigmund
   829 | D:3      | Reached XP level 3. HP: 19/19 MP: 3/7
  1002 | D:2      | Noticed Jessica
  1004 | D:2      | Killed Jessica
  1005 | D:2      | Reached skill level 5 in Air Magic
  1015 | D:2      | Reached XP level 4. HP: 24/24 MP: 2/8
  1235 | D:2      | Learned a level 4 spell: Airstrike
  1565 | D:1      | Found a faded altar of an unknown god.
  2009 | D:2      | Identified the +4 helmet of Emecaeh {rN+ Regen+}
  2009 | D:2      | Noticed Robin
  2019 | D:2      | Killed Robin
  2164 | D:2      | Killed Sigmund
  2165 | D:2      | Reached skill level 6 in Air Magic
  2165 | D:2      | Gained mutation: Your magical nature lets you fly swiftly
                  | and evasively. [Tengu growth]
  2165 | D:2      | Reached XP level 5. HP: 28/28 MP: 4/10
  2165 | D:2      | Reached XP level 6. HP: 32/32 MP: 4/11
  2673 | D:2      | Learned a level 3 spell: Swiftness
  2860 | D:3      | Found Owith's General Store.
  2866 | D:3      | Bought a potion of lignification for 30 gold pieces
  2866 | D:3      | Bought a scroll of teleportation for 30 gold pieces
  3054 | D:3      | Reached skill level 1 in Short Blades
  3764 | D:4      | Reached XP level 7. HP: 28/36 MP: 2/13
  4090 | D:4      | Found a hide-covered altar of Uskayaw.
  4638 | D:4      | Noticed Blork the orc
  5178 | D:5      | Entered Level 5 of the Dungeon
  5365 | D:5      | Reached skill level 5 in Conjurations
  5711 | D:5      | Reached skill level 7 in Air Magic
  5711 | D:5      | Reached XP level 8. HP: 42/42 MP: 8/16
  5910 | D:5      | Reached skill level 5 in Spellcasting
  6399 | D:6      | Reached skill level 1 in Evocations
  6480 | D:6      | Found a hazy altar of Hepliaklqana.
  6634 | D:6      | Found a white marble altar of Elyvilon.
  6831 | D:6      | Reached XP level 9. HP: 46/46 MP: 10/19
  7118 | D:6      | Found a shadowy altar of Dithmenos.
  7176 | D:6      | Learned a level 2 spell: Wereblood
  7211 | D:7      | Found an opulent altar of Gozag.
  7285 | D:6      | Reached skill level 1 in Fighting
  7406 | D:7      | Reached skill level 8 in Air Magic
  7524 | D:7      | Found a staircase to the Ecumenical Temple.
  7554 | Temple   | Entered the Ecumenical Temple
  7919 | Temple   | Became a worshipper of Vehumet
  9279 | D:8      | Reached skill level 1 in Staves
  9287 | D:8      | Reached * piety under Vehumet
  9287 | D:8      | Offered knowledge of Kiss of Death by Vehumet.
  9324 | D:8      | Noticed a wizard
  9673 | D:8      | Reached skill level 1 in Armour
  9990 | D:8      | Reached XP level 10. HP: 54/54 MP: 15/22
 10442 | D:8      | Offered knowledge of Poisonous Vapours by Vehumet.
 10451 | D:8      | Learned a level 2 spell: Poisonous Vapours
 10691 | D:9      | Identified a scroll of acquirement
 10691 | D:9      | Acquired the staff of air "Qeuxoid" {rElec rPois rC+ Will+}
 10708 | D:9      | Reached ** piety under Vehumet
 11003 | D:9      | Reached skill level 1 in Transmutations
 11003 | D:9      | Reached skill level 1 in Poison Magic
 11156 | D:9      | Found a staircase to the Lair.
 11217 | D:9      | Found a sparkling altar of Nemelex Xobeh.
 11303 | D:9      | Offered knowledge of Hailstorm by Vehumet.
 11383 | D:9      | Learned a level 3 spell: Hailstorm
 11501 | D:9      | Found a sacrificial altar of Ru.
 11778 | D:9      | Found a stormy altar of Qazlal.
 11808 | D:9      | Found a blossoming altar of Fedhas.
 12024 | D:9      | Found an iron altar of Okawaru.
 12029 | D:9      | Reached skill level 5 in Armour
 12167 | D:9      | Found an ornate altar of the Wu Jian Council.
 12251 | D:10     | Entered Level 10 of the Dungeon
 12259 | D:10     | Reached *** piety under Vehumet
 12261 | D:10     | Noticed a two-headed ogre
 12398 | D:10     | Noticed Snorg
 12425 | D:10     | Killed Snorg
 12426 | D:10     | Reached skill level 1 in Ice Magic
 12426 | D:10     | Reached XP level 11. HP: 60/60 MP: 8/23
 12555 | D:10     | Killed a two-headed ogre
 12556 | D:10     | Reached skill level 1 in Throwing
 12651 | D:10     | Found a snail-covered altar of Cheibriados.
 13321 | D:10     | Reached skill level 9 in Air Magic
 13324 | D:10     | Offered knowledge of Ignite Poison by Vehumet.
 13329 | D:10     | Learned a level 3 spell: Ignite Poison
 13390 | D:10     | Found Iseon's General Store.
 13398 | D:10     | Bought a book of Storms for 338 gold pieces
 13398 | D:10     | Bought a potion of resistance for 130 gold pieces
 13398 | D:10     | Bought a potion of might for 52 gold pieces
 13403 | D:10     | Learned a level 4 spell: Summon Lightning Spire
 13533 | D:11     | Noticed a cyclops
 13536 | D:11     | Killed a cyclops
 13683 | D:11     | Found Larotozon's Assorted Antiques.
 13688 | D:11     | Bought a crude bronze ring for 90 gold pieces
 13688 | D:11     | Identified the ring of Feithra {Ice *Slow rElec Str-4
                  | Slay+5} (You bought it in a shop on level 11 of the
                  | Dungeon)
 13899 | D:11     | Noticed a boulder beetle
 13904 | D:11     | Killed a boulder beetle
 13973 | D:11     | Noticed a manticore
 13987 | D:11     | Killed a manticore
 13988 | D:11     | Reached skill level 1 in Summonings
 14083 | D:11     | Reached skill level 1 in Fire Magic
 14574 | D:11     | Bought a glowing cloak for 135 gold pieces
 15005 | D:12     | Noticed a two-headed ogre
 15013 | D:12     | Killed a two-headed ogre
 15042 | D:12     | Noticed a two-headed ogre
 15120 | D:12     | Killed a two-headed ogre
 15121 | D:12     | Reached XP level 12. HP: 67/67 MP: 22/26
 15214 | D:12     | Noticed a two-headed ogre
 15217 | D:12     | Killed a two-headed ogre
 15482 | D:12     | Reached **** piety under Vehumet
 15489 | D:12     | Found a staircase to the Orcish Mines.
 15534 | D:12     | Offered knowledge of Fulminant Prism by Vehumet.
 15806 | Orc:1    | Entered Level 1 of the Orcish Mines
 15944 | Orc:2    | Entered Level 2 of the Orcish Mines
 16000 | Orc:1    | Learned a level 4 spell: Fulminant Prism
 16053 | D:11     | Bought a sharpened glass wand for 72 gold pieces
 16053 | D:11     | Bought a yellow potion for 16 gold pieces
 16603 | Orc:2    | Noticed an orc high priest
 16607 | Orc:2    | Killed an orc high priest
 16626 | Orc:1    | Reached ***** piety under Vehumet
 16626 | Orc:1    | Offered knowledge of Flame Wave by Vehumet.
 16823 | Orc:2    | Found a staircase to the Elven Halls.
 16971 | Orc:2    | Reached skill level 10 in Spellcasting
 17551 | Orc:2    | Noticed Azrael
 18103 | Orc:2    | Noticed an orc warlord
 18107 | Orc:2    | Killed an orc warlord
 18108 | Orc:2    | Reached skill level 5 in Poison Magic
 18317 | Orc:2    | Killed Azrael
 18318 | Orc:2    | Reached XP level 13. HP: 46/72 MP: 25/29
 18331 | Orc:2    | Learned a level 4 spell: Flame Wave
 18356 | Orc:2    | Paralysed by an orc sorcerer for 5 turns
 18407 | Orc:2    | Found Qoepak's Weapon Shoppe.
 18476 | Orc:2    | Found Neahum's Armour Shop.
 18495 | Orc:2    | Found Dirch's Book Shoppe.
 18519 | Orc:2    | Reached skill level 5 in Stealth
 18519 | Orc:2    | Found Ufoukeih's Book Shoppe.
 18597 | Orc:2    | Bought a Young Poisoner's Handbook for 320 gold pieces
 18916 | Orc:2    | Bought the +4 skin of Zhor {*Englaciate rC+++ SInv} for 864
                  | gold pieces
 18916 | Orc:2    | Found the +4 skin of Zhor {*Englaciate rC+++ SInv}
 19107 | Lair:1   | Entered Level 1 of the Lair of Beasts
 19170 | Lair:1   | Reached skill level 5 in Staves
 19550 | Lair:1   | Reached skill level 5 in Summonings
 19610 | Lair:1   | Reached skill level 5 in Evocations
 19872 | Lair:1   | Noticed Nergalle
 19876 | Lair:1   | Killed Nergalle
 19877 | Lair:1   | Reached skill level 1 in Hexes
 20398 | Lair:2   | Offered knowledge of Orb of Destruction by Vehumet.
 20399 | Lair:2   | Reached skill level 5 in Fire Magic
 20767 | Lair:2   | Reached skill level 10 in Air Magic
 20898 | Lair:2   | Found a staircase to the Snake Pit.
 22219 | Lair:3   | Noticed Amaemon
 22229 | Lair:3   | Killed Amaemon
 22230 | Lair:3   | Reached XP level 14. HP: 60/76 MP: 14/30
 22869 | Lair:3   | Learned a level 4 spell: Olgreb's Toxic Radiance
 22898 | Lair:3   | Reached skill level 11 in Air Magic
 23334 | Lair:3   | Found a staircase to the Swamp.
 24478 | Lair:4   | Identified the amulet "Isyse" {rPois Regen+}
 24615 | Lair:4   | Found a viscous altar of Jiyva.
 24616 | Lair:4   | Found a staircase to the Slime Pits.
 25497 | Lair:5   | Entered Level 5 of the Lair of Beasts
 25505 | Lair:5   | Reached skill level 12 in Air Magic
 25715 | Lair:5   | Offered knowledge of Ozocubu's Refrigeration by Vehumet.
 25808 | Lair:5   | Reached skill level 5 in Transmutations
 26295 | Lair:5   | Noticed an azure jelly
 26299 | Lair:5   | Reached ****** piety under Vehumet
 26348 | Lair:5   | Killed an azure jelly
 26491 | Lair:5   | Reached XP level 15. HP: 80/80 MP: 18/31
 27254 | Lair:5   | Reached skill level 13 in Air Magic
 27569 | Lair:5   | Identified the staff of poison "Meolloawk" {*Slow rElec
                  | rPois Dex+3}
 28280 | Lair:5   | Learned a level 2 spell: Blink
 28366 | Snake:1  | Entered Level 1 of the Snake Pit
 28657 | D:13     | Found the +3 giant club "Skullcrusher" {speed, Str+7}
 29129 | D:13     | Reached skill level 1 in Translocations
 29513 | D:13     | Offered knowledge of Conjure Ball Lightning by Vehumet.
 31188 | D:14     | Found a gate to the Vaults.
 31199 | D:14     | Paralysed by a hornet for 1 turns
 31548 | Snake:1  | Shot with an arrow by a naga sharpshooter

Illustrated notes

Levels and vault maps discovered:
D:1:      heliophobic_arrival_glass_houses, layout_basic,
          shapermc_ecumenical_altar_notcrosses
D:2:      layout_basic, minmay_increasing_density, uniq_sigmund, uniq_robin,
          uniq_jessica
D:3:      layout_loops_ring, serial_shops, nicolae_shop_hallway_plus
D:4:      layout_loops_ring, eat_drink_and_be_merry_uskayaw, uniq_blork_the_orc
D:5:      layout_cave_pods, serial_column_ruins, column_ruins_hut_ruined,
          column_ruins_circle_medium, column_ruins_grid_4, column_ruins_grid_1,
          column_ruins_columns_straight, column_ruins_grid_1,
          column_ruins_open_small
D:6:      layout_rooms, mainiacjoe_overflow_cross_hatched,
          hangedman_feature_mirror
D:7:      layout_basic, grunt_gozag_statues, minmay_temple_entry_proselytizer
D:8:      cheibrodos_wizards_tower, layout_basic, special_room
          [special_room_orc], lightli_minifort
D:9:      layout_rooms, grunt_qazlal_clouds, general_overflow_altar,
          okawaru_altar_gauntlet_db, mainiacjoe_overflow_24_doors,
          lair_entry_dummy, hangedman_feature_mirror
D:10:     layout_long_grid, mainiacjoe_overflow_six_doors_small, serial_shops,
          nicolae_shop_stone, uniq_snorg
D:11:     layout_basic, serial_shops, shop, serial_glass, glass_columns_c,
          glass_columns_b, nrook_mini_backslash, nicolae_figureground_sparkle
D:12:     layout_rooms, zombieorc2_lemuel
D:13:     kennysheep_kobold_grotto, layout_basic,
          minmay_guarded_unrand_skullcrusher
D:14:     layout_basic, lightli_vaults_fourway_checkpoint
Temple:   minmay_temple_curvy_branch
Lair:1:   layout_regular_city, serial_bayou_shore_b, serial_bayou_shore_b,
          lemuel_fruit_fields, uniq_nergalle
Lair:2:   layout_small_grid, guppyfry_snake_entry_garden
Lair:3:   layout_loops_ring, nicolae_swamp_entry_spooky, serial_bayou_shore_b,
          uniq_amaemon
Lair:4:   nzn_winding_woodlands_stair_cross
          [nzn_winding_woodlands_5x15_sawtooth,
          nzn_winding_woodlands_center_pierced_h,
          nzn_winding_woodlands_5x15_crooked, nzn_winding_woodlands_5x5_cross,
          nzn_winding_woodlands_5x5_closed_star,
          nzn_winding_woodlands_5x15_twine,
          nzn_winding_woodlands_center_triple_pond,
          nzn_winding_woodlands_5x15_concentric], layout_gridlike, slime_entry_1
Lair:5:   evilmike_catoblepas_cave, layout_regular_city,
          nicolae_lair_time_for_slime, grunt_megastairs_1
Snake:1:  nicolae_snake_shooting_gallery, layout_onion, serial_shops,
          nicolae_shop_tiny_statue_garden, nicolae_snake_shapes
Orc:1:    layout_diamond_mine, basic_altar
Orc:2:    hellmonk_orc_salted, layout_caves, nicolae_orc_crystal_geode,
          uniq_azrael

Skill      XL: |  1  2  3  4  5  6  7  8  9 10 11 12 13 14 15 |
---------------+----------------------------------------------+-----
Conjurations   | 2 3 4 5 6 8 9 |  9.4
Air Magic      | 5 6 7 8 9 10 12 13 | 13.9
Dodging        | 3 4 |  4.2
Spellcasting   | 3 4 6 7 9 11 | 11.9
Short Blades   | 1 2 3 4 |  4.4
Evocations     | 1 3 4 5 6 7 |  7.5
Fighting       | 2 3 4 |  4.6
Staves         | 2 4 5 7 |  7.7
Armour         | 2 5 |  5.6
Transmutations | 1 2 3 4 5 |  5.3
Poison Magic   | 2 4 5 7 8 9 |  9.5
Ice Magic      | 1 |  1.8
Throwing       | 2 4 |  4.6
Summonings     | 2 4 5 7 |  7.5
Fire Magic     | 2 4 5 6 8 |  8.0
Stealth        | 3 4 5 |  5.0
Hexes          | 2 3 |  3.7
Translocations | 1 |  1.8

Action                     |  1- 3 |  4- 6 |  7- 9 | 10-12 | 13-15 || total
---------------------------+-------+-------+-------+-------+-------++-------
  Melee: Peck              |     2 |     5 |     6 |    50 |    46 ||   109
         Dagger            |     2 |       |       |       |       ||     2
         Kick              |     1 |     9 |    13 |    79 |    83 ||   185
         Rapier            |       |    40 |    25 |       |       ||    65
         Staff             |       |       |    25 |   191 |   225 ||   441
         Punch             |       |       |       |     4 |     4 ||     8
  Throw: Boomerang         |     5 |     4 |       |       |       ||     9
         Dart              |       |     4 |     6 |     4 |       ||    14
         Throwing net      |       |     1 |       |     3 |       ||     4
   Cast: Shock             |    42 |    80 |   100 |    59 |     6 ||   287
         Static Discharge  |       |     3 |     6 |    38 |     2 ||    49
         Airstrike         |       |     5 |    77 |   140 |   229 ||   451
         Swiftness         |       |       |     3 |       |       ||     3
         Wereblood         |       |       |     1 |     1 |       ||     2
         Poisonous Vapours |       |       |       |    85 |   132 ||   217
         Ignite Poison     |       |       |       |    38 |   122 ||   160
         Hailstorm         |       |       |       |    25 |    17 ||    42
         Summon Lightning  |       |       |       |     1 |    17 ||    18
         Fulminant Prism   |       |       |       |       |    27 ||    27
         Flame Wave        |       |       |       |       |     8 ||     8
         Olgreb's Toxic Ra |       |       |       |       |    19 ||    19
         Blink             |       |       |       |       |     3 ||     3
  Evoke: Wand              |       |       |    20 |     1 |     7 ||    28
    Use: Scroll            |       |     5 |    14 |     7 |    10 ||    36
         Potion            |       |       |     3 |     4 |     7 ||    14
   Stab: Sleeping          |       |     1 |     1 |       |       ||     2
         Distracted        |       |       |       |     1 |     2 ||     3
 Armour: Robe              |       |     7 |    11 |     1 |       ||    19
         Troll leather arm |       |       |       |    64 |     7 ||    71
         Animal skin       |       |       |       |       |    67 ||    67
  Dodge: Dodged            |     9 |    48 |    70 |   313 |   396 ||   836
